 Dungeon Crawl Stone Soup version 0.29-a0-998-g1987434951 (webtiles) character file.

Game seed: 17183991976317026421

223165 RepoMan the Devastator (level 20, -1/152 HPs)
             Began as a Human Necromancer on Aug 2, 2022.
             Was the Champion of Kikubaaqudgha.
             Slain by an anaconda (9 damage)
             ... on level 4 of the Snake Pit on Aug 5, 2022.
             The game lasted 08:00:52 (49520 turns).

RepoMan the Devastator (Human Necromancer)         Turns: 49520, Time: 08:00:53

Health: -1/152     AC:  9    Str:  9    XL:     20   Next: 2%
Magic:  16/36      EV: 14    Int: 22    God:    Kikubaaqudgha [******]
Gold:   180        SH: 12    Dex: 14    Spells: 4/43 levels left

rFire   + . .      SeeInvis .   d - staff of death
rCold   + . .      Faith    .   p - +1 kite shield {reflect}
rNeg    + . .      Spirit   .   S - +2 robe {Will+}
rPois   +          Reflect  +   f - +0 helmet
rElec   +          Harm     .   r - scarf {rC+ rF+}
rCorr   +          Rampage  .   X - +0 pair of gloves
Will    +++..                   L - +1 pair of boots "Nuisagats" {+Blink rPois rCorr Str-5}
Stlth   ++........              B - amulet "Axkuat" {RegenMP rElec Will+ Str+3}
HPRegen 0.35/turn               C - ring of flight
MPRegen 0.65/turn               g - +4 ring of evasion

@: flying, constricted
A: no striking features
}: 1/15 runes: decaying
a: Renounce Religion, Evoke Blink, Unearth Wretches, Torment


You were on level 4 of the Snake Pit.
You worshipped Kikubaaqudgha.
Kikubaaqudgha was exalted by your worship.
You visited 6 branches of the dungeon, and saw 31 of its levels.
You also visited: Ossuary and Ice Cave.

You collected 3705 gold pieces.
You spent 3525 gold pieces at shops.

Inventory:

Missiles
 J - 5 curare-tipped darts
Armour
 f - a +0 helmet (worn)
 o - the +11 fire dragon scales of Caustic Salvation {rF++ rC- SInv Stlth+}
   (You bought it in a shop on level 2 of the Orcish Mines)

   rF:        It greatly protects you from fire.
   rC:        It makes you vulnerable to cold.
   SInv:      It lets you see invisible.
   Stlth:     It makes you more stealthy.
 p - a +1 kite shield of reflection (worn)
 r - a scarf of resistance (worn)
 L - the +1 pair of boots "Nuisagats" (worn) {+Blink rPois rCorr Str-5}
   (You bought it in a shop on level 2 of the Orcish Mines)

   Str:       It affects your strength (-5).
   rPois:     It protects you from poison.
   +Blink:    It lets you blink.
   rCorr:     It protects you from acid and corrosion.
 S - a +2 robe of willpower (worn)
 X - a +0 pair of gloves (worn)
 Z - a +2 cloak of cold resistance
Magical Staves
 d - a staff of death (weapon)
 e - a staff of air
 i - a staff of earth
Jewellery
 g - a +4 ring of evasion (right hand)
 n - a ring of protection from cold
 B - an amulet "Axkuat" (around neck) {RegenMP rElec Will+ Str+3}
   (You bought it in a shop on level 10 of the Dungeon)

   [amulet of magic regeneration]

   It increases your rate of magic regeneration.
   Str:       It affects your strength (+3).
   rElec:     It insulates you from electricity.
   Will:      It increases your willpower.
 C - a ring of flight (left hand)
Wands
 a - a wand of flame (64)
 b - a wand of roots (32)
 t - a wand of mindburst (5)
 y - a wand of polymorph (21)
 F - a wand of digging (3)
 T - a wand of charming (1)
 Y - a wand of light (11)
Scrolls
 c - 8 scrolls of enchant weapon
 k - 6 scrolls of teleportation
 m - a scroll of amnesia
 q - 5 scrolls of enchant armour
 u - a scroll of blinking
 w - 2 scrolls of magic mapping
 H - 2 scrolls of vulnerability
 I - 6 scrolls of immolation
 M - a scroll of silence
 R - 2 scrolls of brand weapon
 U - 2 scrolls of poison
 W - a scroll of summoning
Potions
 h - 8 potions of attraction
 l - 3 potions of brilliance
 v - 5 potions of might
 x - 4 potions of flight
 z - 3 potions of lignification
 D - 2 potions of heal wounds
 E - 3 potions of mutation
 G - 3 potions of berserk rage
 N - 6 potions of ambrosia
 O - 2 potions of haste
 P - 6 potions of curing
 Q - 4 potions of cancellation


   Skills:
 + Level 11.7 Fighting
 * Level 5.2 Armour
 - Level 6.6 Dodging
 - Level 3.3 Stealth
 + Level 10.7 Shields
 + Level 12.2 Spellcasting
 - Level 17.9 Conjurations
 + Level 15.8 Necromancy
 * Level 12.2 Earth Magic
 - Level 6.6 Evocations


You had 4 spell levels left.
You knew the following spells:

 Your Spells              Type           Power      Damage    Failure   Level
a - Animate Dead          Necr           90%        N/A       1%          4
b - Iron Shot             Conj/Erth      34%        9d7       3%          6
d - Orb of Destruction    Conj           37%        9d11      5%          7
m - Iskenderun's Mystic   Conj/Tloc      52%        2d11      2%          4
q - Magic Dart            Conj           100%       1d8       0%          1
s - Stone Arrow           Conj/Erth      100%       3d13      1%          3
u - Dispel Undead         Necr           90%        3d29      1%          4
v - Vampiric Draining     Necr           90%        2d12      1%          3
x - Borgnjor's Vile Clut  Necr/Erth      42%        N/A       1%          5
B - Sublimation of Blood  Necr           90%        N/A       1%          2

Your spell library contained the following spells:

 Spells                   Type           Power      Damage    Failure   Level
 Necrotise                Necr           100%       1d9       0%          1
 Searing Ray              Conj           100%       2d8       0%          2
 Foxfire                  Conj/Fire      100%       2x1d9     1%          1
 Static Discharge         Conj/Air       52%        3-10/arc  1%          2
 Conjure Flame            Conj/Fire      52%        6-21      1%          3
 Dazzling Flash           Conj/Hex       100%       N/A       1%          3
 Flame Wave               Conj/Fire      52%        2d13      2%          4
 Fulminant Prism          Conj/Hex       26%        3d14      2%          4
 Sticky Flame             Conj/Fire      52%        2d7       2%          4
 Anguish                  Hex/Necr       32%        N/A       4%          4
 Animate Armour           Summ/Erth      80%        N/A       9%          4
 Slow                     Hex            52%        N/A       11%         1
 Corpse Rot               Necr/Pois/Air  53%        N/A       12%         4
 Poisonous Vapours        Pois/Air       26%        N/A       16%         2
 Wereblood                Tmut           13%        N/A       16%         2
 Confusing Touch          Hex            13%        N/A       30%         3
 Gell's Gravitas          Tloc           13%        N/A       30%         3
 Inner Flame              Hex/Fire       13%        N/A       30%         3
 Portal Projectile        Hex/Tloc       26%        N/A       30%         3
 Summon Guardian Golem    Hex/Summ       13%        N/A       30%         3
 Teleport Other           Tloc           13%        N/A       30%         3
 Tukima's Dance           Hex            13%        N/A       30%         3
 Olgreb's Toxic Radiance  Pois           13%        N/A       71%         4
 Passage of Golubria      Tloc           13%        N/A       71%         4
 Agony                    Necr           90%        N/A       1%          5
 Iskenderun's Battlesphe  Conj           75%        2d12      1%          5
 Starburst                Conj/Fire      26%        6d8       36%         6
 Simulacrum               Ice/Necr       32%        N/A       52%         6
 Borgnjor's Revivificati  Necr           45%        N/A       71%         8
 Infestation              Necr           45%        N/A       71%         8
 Lehudib's Crystal Spear  Conj/Erth      34%        10d9      80%         8
 Spellforged Servitor     Conj/Summ      26%        N/A       91%         7
 Blade Hands              Tmut           6%         N/A       96%         5
 Silence                  Hex/Air        6%         N/A       96%         5
 Haunt                    Necr/Summ      32%        N/A       98%         7
 Dispersal                Tloc           6%         N/A       100%        6
 Ozocubu's Refrigeration  Ice            6%         4d8       100%        7
 Storm Form               Tmut/Air       6%         N/A       100%        7
 Summon Hydra             Summ           6%         N/A       100%        7
 Ignition                 Fire           6%         3d4       100%        8
 Necromutation            Tmut/Necr      32%        N/A       100%        8
 Death's Door             Necr           45%        N/A       100%        9


Dungeon Overview and Level Annotations

Branches:
Dungeon (15/15)            Temple (1/1) D:4            Lair (5/5) D:8
  Swamp (4/4) Lair:2        Snake (4/4) Lair:3        Slime (0/5) Lair:5
    Orc (2/2) D:12            Elf (0/3) Orc:2        Vaults (0/5) D:13
 Depths (0/4) D:15        Ossuary (visited)           IceCv (visited)

Altars:
Ashenzari
Cheibriados
Dithmenos
Elyvilon
Fedhas
Gozag
Hepliaklqana
Kikubaaqudgha
Makhleb
Nemelex Xobeh
Okawaru
Qazlal
Ru
Sif Muna
Trog
Uskayaw
Vehumet
Wu Jian
Xom
Yredelemnul
Zin
The Shining One
Jiyva

Shops:
D:10 (=[   D:12 (   D:13 **:(   D:14 [   Orc:1 :   Orc:2 *!:(   Snake:1 *

Portals:
Pandemonium: Orc:2

Annotations:
D:3 1 runed translucent door, exclusion: downstairs, paps's ghost, amateur DsGl
D:9 exclusion: downstairs
D:12 exclusion: downstairs
Lair:2 exclusion: downstairs
Lair:4 exclusion: 2 downstairs
Lair:5 exclusion: obsidian statue
Snake:1 exclusion: downstairs
Orc:1 exclusion: downstairs


Message History

The anaconda constricts you.
Unknown command.
Casting: Vampiric Draining (safe; 1% risk of failure)
Confirm with . or Enter, or press ? or * to list all spells.
You don't know that spell.
Casting: Vampiric Draining (safe; 1% risk of failure)
Confirm with . or Enter, or press ? or * to list all spells.
You don't know that spell.
Casting: Vampiric Draining (safe; 1% risk of failure)
Confirm with . or Enter, or press ? or * to list all spells.
Aiming: Borgnjor's Vile Clutch (mildly dangerous; 1% risk of failure)
Press: ? - help, Shift-Dir - straight line, f - naga
Aim: a naga, wielding a +0 short sword and wearing a +0 robe (lightly wounded, strong, concentrated venom, 100% to hit)
You feel a surge of power!
Zombie hands grab the anaconda.
Zombie hands grab the naga warrior.
Zombie hands grab the naga.
The zombie hands constrict the naga warrior!
The zombie hands constrict the naga warrior!!
The zombie hands constrict the naga!
The zombie hands constrict the salamander!
You kill the salamander!
Kikubaaqudgha accepts your kill.
The zombie hands constrict the anaconda.
You block the naga warrior's attack. You block the anaconda's attack.
The anaconda constricts you.
The naga struggles to escape constriction.
Unknown command.
Unknown command.
The anaconda's grasp on you weakens, but your attempt to escape fails.
The zombie hands constrict the naga warrior.
The zombie hands constrict the naga warrior!
The zombie hands constrict the naga!
The zombie hands constrict the anaconda.
The anaconda bites you! The anaconda constricts you.
The naga warrior hits you from afar with a +0 halberd!!!
* * * LOW HITPOINT WARNING * * *
The naga warrior struggles to escape constriction.
The anaconda bites you!
You die...
Kikubaaqudgha rasps: "You have failed me!
Welcome... death!"

#.###.........#.....#
#.............##...##
##.....#.......#..)..##
.#####.#####........))#....##
.......# ##.....######....#
.###...# #....#######...##
#...## ##..####<...#).##
####....#####...###†)....)..#.#
..........#...##@SNN.........#
###...)###....####N.....(.....#
#....# #...## #.)N..........#
###### ##### ###....########
#....# #....# ......# #......#
#.$....#


You could see 3 naga warriors, an anaconda (clutched) and a naga (strong,
curare, clutched).

Vanquished Creatures
  Vashnia (Snake:2)
  Rupert (D:13)
  An Ice Fiend (IceCv)
  Gastronok (Lair:3)
  A thorn hunter (Swamp:1)
  Donald (Snake:1)
  3 nagarajas
  2 fenstrider witches
  Aizul (Snake:2)
  Louise (Snake:1)
  A very ugly thing (IceCv)
  3 eleionomae
  3 dire elephants (Lair:5)
  4 bunyips
  An ettin (D:15)
  Josephine (D:15)
  A shambling mangrove (Swamp:2)
  3 vault guards (D:13)
  2 boulder beetles
  2 ghost crabs
  Erica (D:8)
  11 centaur warriors
  3 demonspawn (Orc:2)
  14 hydras
  An ogre mage (D:15)
  9 anacondas
  11 death yaks
  10 alligators
  9 two-headed ogres
  5 tengu warriors
  9 naga warriors
  7 naga sharpshooters
  A guardian serpent zombie (Snake:2)
  7 orc high priests (Orc:2)
  A soul eater (Orc:2)
  A sun demon (Orc:2)
  4 shock serpents
  Nergalle (Lair:1)
  3 skeletal warriors (D:13)
  Urug (D:12)
  2 sixfirhies
  2 deep trolls (D:15)
  5 goliath frogs
  A spectral death yak (Lair:5)
  A spectral anaconda (Lair:5)
  An orange crystal statue (IceCv)
  2 salamander mystics
  2 spriggan simulacra (IceCv)
  4 naga ritualists
  7 swamp dragons
  3 wizards (D:13)
  3 bog bodies
  2 spriggan druids
  An obsidian statue (IceCv)
  4 deep elf pyromancers
  4 orc knights
  6 necromancers
  A wolf spider (D:14)
  4 ugly things
  5 orc sorcerers (Orc:2)
  3 will-o-the-wisps
  6 salamanders
  2 cyclopes
  4 oklob plants (Snake:1)
  4 manticores
  5 mana vipers
  7 elephants (Lair:5)
  29 black mambas
  2 water nymphs (Swamp:1)
  Maurice (D:9)
  3 guardian serpents
  7 cane toads
  13 naga magi
  2 kobold demonologists
  An unseen horror (D:11)
  An anaconda simulacrum (IceCv)
  6 ice devils
  3 rime drakes (Lair:5)
  3 komodo dragons
  A hellwing (D:11)
  2 efreet
  A human zombie (D:13)
  A dire elephant skeleton (Lair:5)
  6 freezing wraiths (IceCv)
  3 bloated husks
  3 polar bears
  10 hornets
  3 trolls
  9 tyrant leeches
  24 blink frogs
  14 slime creatures
  12 dream sheep
  5 wraiths
  7 spriggans
  An unseen horror simulacrum (D:9)
  A dire elephant simulacrum (IceCv)
  16 humans
  5 wyverns
  A ynoxinul (D:11)
  5 basilisks
  40 yaks
  2 steam dragons
  14 vampire mosquitoes
  5 wargs
  A neqoxec (Orc:2)
  2 death yak simulacra (Lair:5)
  Edmund (D:5)
  2 minotaur simulacra (IceCv)
  A harpy simulacrum (IceCv)
  7 swamp worms
  3 acid dragons
  3 spectral cane toads (Lair:5)
  22 nagas
  13 water moccasins
  29 orc warriors
  A black bear (D:4)
  A hydra simulacrum (IceCv)
  4 swamp drakes
  2 ice beasts
  A sky beast (D:5)
  An alligator simulacrum (IceCv)
  4 ogres
  An elephant zombie (Lair:5)
  5 boggarts (D:15)
  18 wolves
  9 centaurs
  4 elephant skeletons (Lair:5)
  4 phantoms
  4 kobold brigands
  4 scorpions
  6 bullfrogs
  A necrophage (D:6)
  5 deep troll simulacra (IceCv)
  2 gnoll sergeants
  A wight (Ossuary)
  An elephant simulacrum (Lair:5)
  3 lindwurm simulacra (IceCv)
  13 killer bees
  4 howler monkeys
  2 wolf zombies (Lair:4)
  5 electric eels
  4 bullfrog zombies (Ossuary)
  4 quasits (D:11)
  2 hounds
  7 jellies
  26 orc priests
  An iguana (Lair:2)
  19 orc wizards
  2 scorpion zombies (Ossuary)
  6 hell rats (Lair:2)
  3 ogre zombies (Ossuary)
  A centaur simulacrum (D:9)
  7 adders
  16 gnolls
  4 white imps
  A howler monkey simulacrum (D:9)
  2 adder zombies (Ossuary)
  5 worms
  2 dart slugs
  82 orcs
  4 bats
  19 endoplasms
  4 giant cockroaches
  3 gnoll zombies (Ossuary)
  4 hobgoblins
  9 jackals
  24 kobolds
  4 quokkas
  5 ball pythons
  A frilled lizard (D:2)
  8 goblins
  4 goblin zombies (Ossuary)
  A hobgoblin zombie (Ossuary)
  2 orc zombies (Ossuary)
  3 rats
975 creatures vanquished.

Vanquished Creatures (collateral kills)
  A thorn hunter (Swamp:4)
  2 eleionomae
  A shambling mangrove (Swamp:4)
  4 hydras (Swamp:4)
  A catoblepas (D:14)
  2 ghost crabs (Swamp:4)
  A naga warrior (Snake:3)
  2 death yaks (Lair:2)
  A tengu warrior (D:9)
  A naga sharpshooter (Snake:2)
  A deep troll (D:15)
  2 naga ritualists
  3 swamp dragons
  An orc knight (Orc:2)
  An ugly thing (D:14)
  3 mana vipers
  2 will-o-the-wisps
  A rust devil (D:11)
  8 black mambas
  4 cane toads
  3 torpor snails (Lair:5)
  3 komodo dragons
  A kobold demonologist (D:11)
  4 rime drakes
  2 tengu conjurers
  A queen bee (Lair:2)
  An ice devil (D:11)
  A hellwing (D:11)
  A bloated husk (Swamp:3)
  A polar bear (Lair:1)
  A tyrant leech (Swamp:4)
  10 blink frogs
  2 slime creatures
  A dream sheep (Lair:5)
  A spriggan (Swamp:1)
  24 yaks
  2 wyverns (Lair:3)
  3 hogs (Lair:3)
  A basilisk (Lair:1)
  A human (D:13)
  5 nagas
  5 swamp worms
  6 water moccasins
  6 swamp drakes
  2 orc warriors
  A blink frog zombie (Lair:1)
  An ogre (Orc:2)
  3 wolves
  4 centaurs (D:13)
  5 bullfrogs
  16 killer bees
  A howler monkey (D:10)
  A quasit (D:11)
  3 orc priests
  A jelly (Lair:5)
  3 orc wizards
  3 gnolls
  2 orcs (Orc:2)
  A bat (D:3)
  A goblin (D:2)
  6 kobolds
  A rat (D:1)
183 creatures vanquished.

Vanquished Creatures (others)
  Kirke (Lair:3)
  A boulder beetle (D:11)
  A catoblepas (Lair:5)
  A spriggan druid (Swamp:4)
  A spriggan rider (Swamp:1)
  An anaconda zombie (Snake:1)
  An orc knight (Orc:2)
  5 human zombies (D:13)
  A cyclops (D:11)
  6 centaur zombies
  2 eleionoma zombies (Swamp:1)
  A swamp worm zombie (Swamp:1)
  2 death yak zombies (Lair:2)
  2 mana viper zombies
  6 hydra zombies (Swamp:4)
  A bloated husk (Swamp:1)
  8 black mamba zombies
  A spriggan (Swamp:1)
  A slime creature zombie (D:13)
  2 spriggan zombies (Swamp:1)
  A yak (Lair:1)
  A basilisk (Lair:5)
  2 water nymph zombies (Swamp:1)
  A warg (Orc:2)
  A swamp worm (Swamp:3)
  A deep troll zombie (D:15)
  3 cane toad zombies
  A hornet zombie (Swamp:1)
  2 orc warriors (Orc:2)
  9 blink frog zombies
  4 naga zombies
  2 swamp dragon zombies (Swamp:4)
  2 hog zombies (Lair:3)
  2 manticore zombies
  A wolf (Lair:1)
  A rime drake zombie (Swamp:4)
  A vampire mosquito zombie (Swamp:1)
  A gnoll sergeant (D:7)
  A scorpion (D:14)
  4 water moccasin zombies
  A warg zombie (Orc:2)
  A polar bear zombie (Lair:5)
  2 tengu zombies (D:13)
  20 yak zombies
  9 wolf zombies
  A bullfrog zombie (Lair:3)
  A kobold zombie (D:9)
  A scorpion zombie (D:14)
  13 killer bee zombies
  An ogre zombie (Orc:2)
  2 howler monkey zombies (D:10)
  A gnoll (Orc:2)
  An adder (D:11)
  16 orc zombies
  5 swamp drake zombies
  An adder zombie (D:11)
  A jelly zombie (Lair:5)
  An endoplasm (D:11)
  A gnoll zombie (Orc:2)
  An endoplasm zombie (D:11)
  A bush (Lair:5)
  4 demonic plants (D:11)
  10 foxfires
  46 fulminant prisms
  65 fungi
  77 plants
  7 toadstools (D:4)
  29 withered plants (Lair:5)
405 creatures vanquished.

Grand Total: 1563 creatures vanquished

Notes
Turn   | Place    | Note
-------+----------+-------------------------------------------
     0 | D:1      | RepoMan the Human Necromancer began the quest for the Orb.
     0 | D:1      | Reached XP level 1. HP: 13/13 MP: 3/3
   436 | D:1      | Reached XP level 2. HP: 20/20 MP: 3/5
   632 | D:1      | Reached skill level 1 in Fighting
   836 | D:1      | Found a faded altar of an unknown god.
   927 | D:1      | Reached XP level 3. HP: 26/26 MP: 3/6
   935 | D:1      | Learned a level 1 spell: Magic Dart
   939 | D:1      | Learned a level 3 spell: Vampiric Draining
  2022 | D:2      | Reached XP level 4. HP: 32/32 MP: 2/7
  2227 | D:3      | Reached skill level 1 in Conjurations
  2338 | D:3      | Found a runed translucent door.
  2339 | D:3      | Noticed paps's ghost (amateur DsGl)
  2372 | D:3      | Reached skill level 5 in Necromancy
  2500 | D:3      | Found a burning altar of Makhleb.
  2997 | D:3      | Learned a level 2 spell: Searing Ray
  3119 | D:3      | Found a sparkling altar of Nemelex Xobeh.
  3284 | D:4      | Noticed a scorpion
  3654 | D:4      | Reached XP level 5. HP: 37/37 MP: 3/8
  3965 | D:4      | Noticed a black bear
  3975 | D:4      | Reached skill level 2 in Conjurations
  3998 | D:4      | Killed a black bear
  3999 | D:4      | Reached skill level 3 in Conjurations
  3999 | D:4      | Reached XP level 6. HP: 38/43 MP: 2/10
  4084 | D:4      | Found a staircase to the Ecumenical Temple.
  4126 | Temple   | Entered the Ecumenical Temple
  4462 | D:4      | Found an opulent altar of Gozag.
  4682 | D:4      | Reached skill level 4 in Conjurations
  4682 | D:4      | Reached XP level 7. HP: 40/48 MP: 2/12
  5704 | D:5      | Entered Level 5 of the Dungeon
  5938 | D:5      | Reached skill level 5 in Conjurations
  5949 | D:5      | Reached XP level 8. HP: 54/54 MP: 5/14
  6106 | D:5      | Found a sand-covered staircase.
  6111 | Ossuary  | Entered an ossuary
  6577 | Ossuary  | Reached skill level 6 in Conjurations
  7086 | Ossuary  | Noticed a silent spectre
  7595 | D:5      | Reached skill level 7 in Conjurations
  7837 | D:5      | Learned a level 4 spell: Animate Dead
  7857 | D:5      | Noticed Edmund
  7869 | D:5      | Killed Edmund
  7870 | D:5      | Reached XP level 9. HP: 38/59 MP: 0/15
  8002 | D:5      | Found a faded altar of an unknown god.
  8005 | D:5      | Found a hazy altar of Hepliaklqana.
  8309 | D:6      | Found a glowing silver altar of Zin.
  8337 | D:6      | Reached skill level 8 in Conjurations
  8948 | D:6      | Found a stormy altar of Qazlal.
  9354 | D:7      | Reached skill level 9 in Conjurations
  9574 | D:7      | Noticed a hornet
  9875 | D:7      | Killed a hornet
 10485 | D:7      | Reached XP level 10. HP: 57/65 MP: 11/16
 10539 | D:7      | Got the Spellbook of Shaping and Combat Magic
 10547 | D:7      | Found a snail-covered altar of Cheibriados.
 10770 | D:7      | Reached skill level 10 in Conjurations
 11171 | D:8      | Found a staircase to the Lair.
 11308 | D:8      | Reached skill level 11 in Conjurations
 11526 | D:8      | Found a radiant altar of Vehumet.
 11551 | D:8      | Noticed Erica
 11578 | D:8      | Killed Erica
 11740 | D:8      | Found an iron altar of Okawaru.
 12112 | D:8      | Identified a scroll of acquirement
 12113 | D:8      | Acquired 567 gold pieces
 12543 | D:8      | Reached skill level 12 in Conjurations
 12543 | D:8      | Reached XP level 11. HP: 70/70 MP: 8/17
 12549 | D:8      | Reached skill level 10 in Necromancy
 12721 | D:9      | Noticed a death yak
 13133 | D:9      | Found a blossoming altar of Fedhas.
 13540 | D:9      | Noticed a centaur warrior
 13540 | D:9      | Noticed a tengu warrior
 13615 | D:9      | Killed a death yak
 13838 | D:9      | Found a white marble altar of Elyvilon.
 13862 | D:8      | Learned a level 4 spell: Fulminant Prism
 13932 | D:9      | Noticed Maurice
 13954 | D:9      | Killed Maurice
 13993 | D:9      | Found a broken altar of Ashenzari.
 14011 | D:9      | Reached skill level 13 in Conjurations
 14097 | D:9      | Found an ancient bone altar of Kikubaaqudgha.
 14102 | D:9      | Became a worshipper of Kikubaaqudgha
 14143 | D:9      | Reached skill level 1 in Shields
 14154 | D:9      | Reached skill level 5 in Spellcasting
 14414 | D:9      | Noticed a tengu warrior
 14497 | Lair:1   | Entered Level 1 of the Lair of Beasts
 14751 | Lair:1   | Upgraded the game from 0.29-a0-986-gdf0a18e73c to
                  | 0.29-a0-994-gc5c9f59d18
 14960 | Lair:1   | Noticed Nergalle
 14967 | Lair:1   | Killed Nergalle
 14976 | Lair:1   | Reached XP level 12. HP: 83/83 MP: 4/20
 15572 | Lair:1   | Reached * piety under Kikubaaqudgha
 15572 | Lair:1   | Received a gift from Kikubaaqudgha
 15576 | Lair:1   | Learned a level 2 spell: Sublimation of Blood
 15732 | Lair:1   | Reached skill level 5 in Fighting
 15732 | Lair:1   | Reached skill level 14 in Conjurations
 16321 | Lair:2   | Reached ** piety under Kikubaaqudgha
 16384 | Lair:2   | Reached skill level 5 in Shields
 16392 | Lair:2   | Reached XP level 13. HP: 75/93 MP: 10/23
 16521 | Lair:1   | Learned a level 7 spell: Orb of Destruction
 17108 | Lair:2   | Found a staircase to the Swamp.
 17241 | Lair:2   | Reached skill level 15 in Conjurations
 18111 | Lair:3   | Found a staircase to the Snake Pit.
 18458 | Lair:2   | Reached *** piety under Kikubaaqudgha
 18458 | Lair:2   | Received a gift from Kikubaaqudgha
 18465 | Lair:2   | Learned a level 4 spell: Dispel Undead
 18554 | Lair:3   | Reached skill level 1 in Armour
 18653 | Lair:3   | Noticed Kirke
 18667 | Lair:3   | Noticed a sphinx
 18677 | Lair:3   | Killed Kirke
 19019 | Lair:3   | Noticed Gastronok
 19036 | Lair:3   | Killed Gastronok
 19856 | Lair:3   | Reached XP level 14. HP: 103/103 MP: 9/26
 20001 | Lair:4   | Reached skill level 16 in Conjurations
 20515 | Lair:4   | Reached **** piety under Kikubaaqudgha
 20801 | Lair:4   | Upgraded the game from 0.29-a0-994-gc5c9f59d18 to
                  | 0.29-a0-998-g1987434951
 20802 | Lair:5   | Entered Level 5 of the Lair of Beasts
 22557 | Lair:5   | Reached ***** piety under Kikubaaqudgha
 22558 | Lair:5   | Reached skill level 5 in Dodging
 23348 | D:10     | Entered Level 10 of the Dungeon
 23348 | D:10     | Found Eqidat's Armour Shop.
 23348 | D:10     | Found Filyw's Jewellery Boutique.
 23488 | D:10     | Identified the +0 ring mail of Filicare {rPois Str-5 Dex+6}
 23750 | D:10     | Found Uxail's Weapon Boutique.
 23985 | D:10     | Bought an amulet "Axkuat" {RegenMP rElec Will+ Str+3} for
                  | 726 gold pieces
 25187 | D:11     | Reached XP level 15. HP: 112/112 MP: 27/27
 25833 | D:12     | Reached skill level 17 in Conjurations
 25872 | D:12     | Noticed Urug
 25883 | D:12     | Killed Urug
 26098 | D:12     | Found a staircase to the Orcish Mines.
 26116 | D:12     | Found Mukoecs's Weapon Emporium.
 26166 | D:12     | Learned a level 3 spell: Stone Arrow
 26851 | D:12     | Found an iron altar of Okawaru.
 26902 | Orc:1    | Entered Level 1 of the Orcish Mines
 27177 | Orc:1    | Found Witioz's Self-Improvement Boutique.
 27248 | Orc:1    | Found a radiant altar of Vehumet.
 27452 | Orc:2    | Entered Level 2 of the Orcish Mines
 28270 | Orc:2    | Found a staircase to the Elven Halls.
 28739 | Orc:2    | Found Usajeiff's Distillery.
 29007 | Orc:2    | Found Ryozurch's General Store.
 29130 | Orc:2    | Bought a potion of brilliance for 48 gold pieces
 29132 | Orc:2    | Bought a scroll of immolation for 68 gold pieces
 29132 | Orc:2    | Bought a potion of curing for 51 gold pieces
 29132 | Orc:2    | Bought the +1 pair of boots "Nuisagats" {+Blink rPois rCorr
                  | Str-5} for 387 gold pieces
 29525 | Orc:2    | Reached skill level 1 in Evocations
 30818 | Orc:2    | Reached skill level 1 in Earth Magic
 31105 | Orc:2    | Found Cymius's Antique Weapon Emporium.
 31105 | Orc:2    | Found Tareax's Book Shoppe.
 31106 | Orc:2    | Found a one-way gate leading to the halls of Pandemonium.
 31690 | Lair:5   | Reached XP level 16. HP: 95/120 MP: 16/29
 32371 | Lair:5   | Found a staircase to the Slime Pits.
 32371 | Lair:5   | Found a viscous altar of Jiyva.
 32742 | Lair:5   | Reached ****** piety under Kikubaaqudgha
 32744 | Lair:5   | Received a gift from Kikubaaqudgha
 33027 | Lair:5   | Identified the +4 quarterstaff of Temperance {flame, Drain
                  | rF+ Dex+2}
 33503 | Lair:5   | Identified the +8 great mace of Ikaob {pain, *Slow rElec
                  | Int+3}
 34159 | D:13     | Found Ycueli's General Store.
 34163 | D:13     | Bought a scroll of immolation for 64 gold pieces
 34666 | D:13     | Noticed Rupert
 34667 | D:13     | Found Illy's General Store.
 34682 | D:13     | Killed Rupert
 34700 | D:13     | Your ally Rupert died
 34711 | D:13     | Bought a potion of haste for 150 gold pieces
 35140 | D:13     | Found Gobotz's Antique Weapon Boutique.
 35341 | D:13     | Reached skill level 5 in Earth Magic
 35482 | D:13     | Reached skill level 10 in Spellcasting
 35551 | D:13     | Learned a level 5 spell: Borgnjor's Vile Clutch
 35926 | D:13     | Found Xeaphiv's Book Shop.
 36031 | D:13     | Found a gate to the Vaults.
 36703 | D:14     | Found an ornate altar of the Wu Jian Council.
 36858 | D:14     | Reached XP level 17. HP: 127/127 MP: 26/31
 37046 | D:14     | Found Iheun's Antique Armour Emporium.
 37312 | D:15     | Entered Level 15 of the Dungeon
 37375 | D:15     | Found a staircase to the Depths.
 37958 | D:15     | Noticed Josephine
 37962 | D:15     | Killed Josephine
 39073 | Swamp:1  | Entered Level 1 of the Swamp
 39318 | Swamp:1  | Reached skill level 5 in Evocations
 39465 | Swamp:1  | Noticed a thorn hunter
 39475 | Swamp:1  | Killed a thorn hunter
 39992 | Swamp:2  | Reached skill level 10 in Fighting
 40698 | Swamp:2  | Reached XP level 18. HP: 134/134 MP: 19/32
 42304 | Swamp:3  | Learned a level 4 spell: Iskenderun's Mystic Blast
 42307 | Swamp:3  | Found a hazy altar of Hepliaklqana.
 42662 | Swamp:4  | Entered Level 4 of the Swamp
 42743 | Swamp:4  | Got a decaying rune of Zot
 42817 | Swamp:4  | Reached skill level 10 in Earth Magic
 43105 | Swamp:4  | Found a frozen archway.
 43115 | IceCv    | Entered an ice cave
 43711 | IceCv    | Reached skill level 15 in Necromancy
 43752 | IceCv    | Noticed an Ice Fiend
 43767 | IceCv    | Killed an Ice Fiend
 44534 | Swamp:4  | Learned a level 6 spell: Iron Shot
 44627 | Snake:1  | Entered Level 1 of the Snake Pit
 44754 | Snake:1  | Found a glowing silver altar of Zin.
 44848 | Snake:1  | Reached XP level 19. HP: 141/143 MP: 3/34
 44955 | Snake:1  | Identified the +8 scimitar of Undoing {vorpal, rF- rCorr
                  | Dex+4}
 45289 | Snake:1  | Found Jioqiwez's General Store.
 45612 | Snake:1  | Noticed Donald
 45627 | Snake:1  | Killed Donald
 46016 | Snake:1  | Noticed Louise
 46020 | Snake:1  | Your ally Donald died
 46033 | Snake:1  | Killed Louise
 46557 | Orc:2    | Bought the +11 fire dragon scales of Caustic Salvation
                  | {rF++ rC- SInv Stlth+} for 2031 gold pieces
 46831 | Snake:2  | Noticed Aizul
 46838 | Snake:2  | Killed Aizul
 46898 | Snake:2  | Noticed Vashnia
 46905 | Snake:2  | Reached skill level 10 in Shields
 46911 | Snake:2  | Killed Vashnia
 47179 | Snake:2  | Your ally Aizul died
 47567 | Snake:2  | Your ally Vashnia died
 47817 | Snake:2  | Got Tef Inge's Meditations on Airy Concussion
 49338 | Snake:4  | Entered Level 4 of the Snake Pit
 49416 | Snake:4  | Reached skill level 5 in Armour
 49450 | Snake:4  | Reached XP level 20. HP: 152/152 MP: 8/36
 49520 | Snake:4  | Slain by an anaconda

Illustrated notes

Levels and vault maps discovered:
D:1:      ncdulo_watergridlock, layout_loops_ring,
          ebering_ecumenical_altar_webs, minmay_cupped
D:2:      layout_basic
D:3:      layout_basic, demons_altar, amcnicky_altar_gilded,
          gammafunk_ghost_grave, serial_glass, glass_columns_a, glass_columns_b,
          item_on_display_a, grunt_ministairs_2, corexii_shack
D:4:      cheibrodos_fertilizer, layout_loops_ring,
          mainiacjoe_overflow_boulevard, temple_pool_b,
          kennysheep_generic_room_4
D:5:      layout_basic, beargit_hepliaklqana_dungeon_heroes, enter_ossuary_2,
          grunt_ministairs_13, interstate_on_off,
          hangedman_abyss_or_decor_stagger
D:6:      layout_cave_pools, nicolae_qazlal_scattered_showers,
          overflow_temple_1_default, hangedman_glass_garden,
          serial_bayou_lagoon_b
D:7:      layout_rooms, slow_altar_2
D:8:      layout_basic, mainiacjoe_overflow_alcove_1,
          mainiacjoe_overflow_tiny_flanked, minmay_lair_entry_grove, uniq_erica
D:9:      layout_cave_pools, lemuel_crystal_altar, marbit_many_paths,
          lemuel_tele_altar, nicolae_kikubaaqudgha_miasma_corner, serial_ice,
          serial_ice_j, serial_ice_n, serial_ice_e, serial_ice_c,
          minmay_shattered_shrine, uniq_maurice
D:10:     layout_long_grid, serial_shops, shop_coins,
          nicolae_shop_competitors_out_of_business, nicolae_shop_crystal
D:11:     layout_loops_corners, serial_demonic, serial_demonic_g,
          serial_demonic_d, serial_demonic_f, serial_demonic_d, serial_demonic_e
D:12:     layout_basic, erik_orc_4, serial_shops,
          nicolae_shop_bloodbath_and_beyond, okawaru_metal_pillars_3, uniq_urug
D:13:     layout_loops_ring, grunt_vaults_entry_tiered, serial_shops, shop,
          nicolae_shop_stone, nicolae_lakefront_shop, kennysheep_mini_moat,
          minivault_26, uniq_rupert
D:14:     layout_basic, nicolae_wu_jian_wuxing_cycle, kennysheep_windowed_goal
D:15:     hangedman_depths_entry_civil_slaughter, layout_basic, nicolae_wwwww,
          uniq_josephine
Temple:   grunt_temple_mini_profane
Lair:1:   layout_roguey, uniq_nergalle
Lair:2:   layout_roguey [special_room_bee], minmay_swamp_entry_reptiles,
          minivault_25
Lair:3:   layout_long_grid, dummy_snake_entry, uniq_kirke, uniq_gastronok
Lair:4:   layout_misc_corridors, chequers_serial_rivers_large_a
Lair:5:   due_jungle_book, layout_misc_corridors, minmay_slime_entry_pillars,
          fungi_pond_lemuel, grunt_megastairs_4
Swamp:1:  layout_falls_marsh, nicolae_swamp_triple_paths, swamp_pool5,
          nicolae_swamp_nymph_family_reunion
Swamp:2:  layout_falls_marsh, nicolae_swamp_little_swirl
Swamp:3:  layout_basic_swamp, nicolae_swamp_godswood
Swamp:4:  swamp_alternative, layout_basic_swamp,
          portal_ice_cave_entry_pillars_2, infiniplex_staircase_pool_2
Snake:1:  dpeg_oklob_gauntlet, layout_gridlike, serial_shops,
          nicolae_shop_behind_doors, basic_altar, uniq_louise, uniq_donald
Snake:2:  layout_misc_corridors, uniq_vashnia, uniq_aizul
Snake:3:  layout_basic
Snake:4:  minmay_snake_end_coiled, layout_chambers, uniq_mara
Orc:1:    layout_caves, basic_altar, nicolae_shop_self_help
Orc:2:    pf_orc_diabolical, layout_caves

Skill      XL: |  1  2  3  4  5  6  7  8  9 10 11 12 13 14 15 16 17 18 19 |
---------------+----------------------------------------------------------+-----
Fighting       | 1 4 6 7 8 9 10 11 | 11.7
Conjurations   | 1 3 4 5 7 9 12 13 14 15 16 17 | 17.9
Necromancy     | 5 6 7 8 9 10 11 12 14 15 | 15.8
Spellcasting   | 3 4 5 6 8 9 10 11 12 | 12.2
Shields        | 2 5 6 8 9 10 | 10.7
Armour         | 2 3 5 |  5.2
Dodging        | 3 5 6 |  6.6
Evocations     | 2 3 5 6 |  6.6
Earth Magic    | 1 5 8 10 12 | 12.2
Stealth        | 3 |  3.3

Action                   |  1- 3 |  4- 6 |  7- 9 | 10-12 | 13-15 | 16-18 | 19-21 || total
-------------------------+-------+-------+-------+-------+-------+-------+-------++-------
Melee: Unarmed           |     1 |       |       |       |       |       |       ||     1
       Dagger            |     2 |     9 |       |       |       |       |       ||    11
       Long sword        |       |     1 |    63 |    58 |    21 |       |       ||   143
       Punch             |       |       |     1 |     1 |       |       |       ||     2
       Staff             |       |       |     2 |       |     6 |    19 |     4 ||    31
Throw: Stone             |     3 |       |    17 |       |       |       |       ||    20
       Dart              |     1 |    23 |     9 |    20 |    17 |    10 |     1 ||    81
       Throwing net      |       |     1 |       |     2 |     1 |       |       ||     4
 Cast: Necrotise         |    62 |    47 |   104 |    42 |       |       |       ||   255
       Magic Dart        |    11 |    16 |    75 |    59 |   108 |    23 |     2 ||   294
       Searing Ray       |       |    13 |    49 |    57 |   118 |     8 |       ||   245
       Vampiric Draining |       |     1 |     5 |    48 |   146 |    54 |    11 ||   265
       Animate Dead      |       |       |     3 |     8 |    19 |    13 |     3 ||    46
       Fulminant Prism   |       |       |       |     4 |    32 |    10 |       ||    46
       Sublimation of Bl |       |       |       |     3 |    23 |    25 |     3 ||    54
       Orb of Destructio |       |       |       |       |    69 |   101 |    11 ||   181
       Dispel Undead     |       |       |       |       |     1 |    41 |       ||    42
       Stone Arrow       |       |       |       |       |   113 |   304 |    88 ||   505
       Borgnjor's Vile C |       |       |       |       |       |   177 |   121 ||   298
       Iron Shot         |       |       |       |       |       |       |     3 ||     3
       Iskenderun's Myst |       |       |       |       |       |       |     2 ||     2
Invok: Unearth Wretches  |       |       |       |       |     4 |     1 |       ||     5
       Receive Forbidden |       |       |       |       |       |     1 |       ||     1
 Abil: Evoke Blink       |       |       |       |       |       |       |     1 ||     1
Evoke: Wand              |       |       |    15 |    25 |    21 |     3 |     1 ||    65
  Use: Potion            |     2 |     2 |     3 |     7 |    11 |     9 |       ||    34
       Scroll            |     3 |     3 |    10 |     7 |    25 |     8 |       ||    56
 Stab: Sleeping          |     2 |     3 |       |       |       |       |       ||     5
       Distracted        |       |       |       |     1 |     1 |       |       ||     2
       Invisible         |       |       |       |     1 |       |       |       ||     1
       Paralysed         |       |       |       |       |     1 |     1 |       ||     2
Armor: Robe              |     1 |     2 |       |       |     8 |    40 |     3 ||    54
       Leather armour    |       |       |    40 |    65 |    92 |       |       ||   197
Dodge: Dodged            |     9 |    27 |    96 |   134 |   316 |   155 |    38 ||   775
Block: Buckler           |       |       |       |    21 |    96 |       |       ||   117
       Kite shield       |       |       |       |       |    59 |   131 |    56 ||   246
       Reflection        |       |       |       |       |       |       |    23 ||    23

Table legend: (Time is in decaauts)
 A = Elapsed time spent in this place.
 B = Non-inter-level travel time spent in this place.
 C = Inter-level travel time spent in this place.
 D = Time resting spent in this place.
 E = Time spent auto-exploring this place.
 F = Levels seen in this place.
 G = Mean time per level.
                   A        B        C        D        E       F      G
               +--------+--------+--------+--------+--------+-----+--------+
         Total |  49669 |  46135 |   3534 |  18975 |   7500 |  33 | 1505.1 |
       Dungeon |  22710 |  20867 |   1843 |   7059 |   4344 |  15 | 1514.0 |
        Temple |    215 |     85 |    130 |      0 |     36 |   1 |  215.0 |
          Lair |  11392 |  10421 |    971 |   5033 |    877 |   5 | 2278.4 |
         Swamp |   4687 |   4563 |    124 |   2226 |   1096 |   4 | 1171.8 |
     Snake Pit |   4498 |   4347 |    151 |   1588 |    967 |   4 | 1124.5 |
  Orcish Mines |   4311 |   3996 |    315 |   2182 |    180 |   2 | 2155.5 |
       Ossuary |   1022 |   1022 |      0 |    592 |      0 |   1 | 1022.0 |
      Ice Cave |    830 |    830 |      0 |    294 |      0 |   1 |  830.0 |
               +--------+--------+--------+--------+--------+-----+--------+

Top non-repeatable levels by time:
   Orc:2: 3297 daAuts
  Lair:5: 2646 daAuts
  Lair:4: 2629 daAuts
  Lair:1: 2494 daAuts
     D:8: 2324 daAuts
    D:13: 2147 daAuts
     D:4: 2126 daAuts
  Lair:2: 1973 daAuts
     D:9: 1904 daAuts
     D:5: 1859 daAuts
 Snake:1: 1855 daAuts
 Swamp:2: 1779 daAuts
  Lair:3: 1648 daAuts
    D:14: 1419 daAuts
     D:1: 1409 daAuts
